 Dungeon Crawl Stone Soup version 0.30-a0-142-g7370640ec8 (webtiles) character file.

Game seed: 16439878018619601458

33229 qw the Cleaver (level 13, -4/82 HPs)
             Began as a Gargoyle Fighter on Sept 25, 2022.
             Was a High Priest of Okawaru.
             Killed from afar by a steam dragon (18 damage)
             ... with a ball of steam
             ... on level 3 of the Lair of Beasts.
             The game lasted 00:06:53 (16022 turns).

qw the Cleaver (Gargoyle Fighter)                  Turns: 16022, Time: 00:06:53

Health: -4/82      AC: 38    Str: 24    XL:     13   Next: 69%
Magic:  18/20      EV:  4    Int: 10    God:    Okawaru [*****.]
Gold:   815        SH: 36    Dex: 12    Spells: 12/12 levels left

rFire   . . .      SeeInvis .    Y - +2 war axe
rCold   . . .      Faith    .    v - +18 shield of the Gong {rElec rN+ Will+ EV-5}
rNeg    + + +      Spirit   .    m - +0 plate armour
rPois   inf        Reflect  +    a - +1 helmet
rElec   +          Harm     .    g - +2 cloak
rCorr   .          Rampage  .    s - +2 pair of gloves {Dex+3}
Will    ++...                    x - +0 pair of boots
Stlth   ..........               j - amulet of reflection
HPRegen 0.23/turn                r - ring of positive energy
MPRegen 0.17/turn                t - ring of willpower

@: about to teleport, heroic
A: sickness immunity, AC +9, negative energy resistance 1, electricity
resistance, torment resistance 1, petrification resistance
a: Renounce Religion, Heroism, Finesse, Duel


You were on level 3 of the Lair of Beasts.
You worshipped Okawaru.
Okawaru was extremely pleased with you.
You visited 3 branches of the dungeon, and saw 15 of its levels.
You also visited: Sewer.

You collected 815 gold pieces.


Innate Abilities, Weirdness & Mutations

You are immune to sickness and miasma.
Your stone body is resilient. (AC +9)
You are immune to poison.
You resist negative energy. (rN+)
You are resistant to electric shocks. (rElec)
You are resistant to unholy torment.
You are immune to petrification.


   Skills:
 - Level 10.0(15.0) Fighting
 + Level 13.4(18.4) Axes
 - Level 2.0(7.0) Throwing
 - Level 10.0(15.0) Armour
 - Level 2.0(7.0) Dodging
 - Level 11.0(16.0) Shields
 - Level 10.0 Invocations


You had 12 spell levels left.
You didn't know any spells.
Your spell library was empty.

Inventory:

Hand Weapons
 i - a +2 morningstar
 Y - a +2 war axe (weapon)
Missiles
 n - 5 boomerangs (quivered)
Armour
 a - a +1 helmet (worn)
 g - a +2 cloak (worn)
 m - a +0 plate armour (worn)
 s - a +2 pair of gloves of dexterity (worn)
 v - the +18 shield of the Gong (worn) {rElec rN+ Will+ EV-5}
   (Okawaru gifted it to you on level 1 of the Lair of Beasts)

   It is deafeningly noisy when blocking attacks.
   EV:        It affects your evasion (-5).
   rElec:     It insulates you from electricity.
   rN:        It protects you from negative energy.
   Will:      It increases your willpower.
 x - a +0 pair of boots (worn)
Jewellery
 j - an amulet of reflection (around neck)
 r - a ring of positive energy (left hand)
 t - a ring of willpower (right hand)
Scrolls
 b - 3 scrolls of identify
 f - 3 scrolls of teleportation
Potions
 c - a potion of resistance
 d - 3 potions of might
 e - 2 potions of heal wounds
 h - 3 potions of attraction
 k - 2 potions of lignification
 l - 2 potions of mutation
 o - a potion of cancellation
 p - 2 potions of haste
 q - a potion of magic
 u - 2 potions of curing

Dungeon Overview and Level Annotations

Branches:
Dungeon (11/15)            Temple (1/1) D:5            Lair (3/5) D:11
  Swamp (0/4) Lair:2       Spider (0/4) Lair:2        Sewer (visited)
    Orc: D:9-12

Altars:
Ashenzari
Cheibriados
Dithmenos
Elyvilon
Fedhas
Gozag
Hepliaklqana
Kikubaaqudgha
Makhleb
Nemelex Xobeh
Okawaru
Qazlal
Ru
Sif Muna
Trog
Uskayaw
Vehumet
Wu Jian
Xom
Yredelemnul
Zin
The Shining One

Shops:
D:8 :

Portals:
Trove: D:10 (show slimy rune of Zot)

Annotations:
D:3 1 runed translucent door, Crazy Yiuf


Message History

Okawaru accepts your kill.
You slash the steam dragon!
The steam dragon is heavily wounded.
You barely miss the steam dragon.
The steam dragon is heavily wounded.
You feel like a meek peon again. You block the steam dragon's attack.
GONNNNG!
You block the steam dragon's attack.
BONNNG!
You hear a roar!
16017 ||| INVOKING Heroism.
You gain the combat prowess of a mighty hero.
The blink frog blinks!
The steam dragon bites you. You block the steam dragon's attack.
GONNNNG!
The blink frog blinks!
You hit the steam dragon but do no damage.
The steam dragon is heavily wounded.
The blink frog blinks!
The steam dragon bites you but does no damage.
You block the steam dragon's attack.
GONNNNG!
You hear an angry hiss.
You barely miss the steam dragon.
The steam dragon is heavily wounded.
You block the steam dragon's attack.
GONNNNG!
The steam dragon claws you but does no damage.
You closely miss the steam dragon.
The steam dragon is heavily wounded.
You hit the steam dragon but do no damage.
The steam dragon is heavily wounded.
The steam dragon breathes steam at you. The ball of steam hits you!
The blink frog blinks!
16022 ||| READING 4 scrolls of teleportation.
As you read the scroll of teleportation, it crumbles to dust.
You feel strangely unstable.
You are engulfed in a cloud of scalding steam.
The steam dragon breathes steam at you. The ball of steam hits you!!
You die...

...... #......#.
....}.. ......
... ....# ...#
#...##.P.#
###.¤.#.... .
#@DF.......
#..##¤#....#..
...........#
...........##
.............#
.............#
..#..#..#....##
.#.#.#.#..!...##
......#.......#


You could see a blink frog and a steam dragon (catching breath).

Vanquished Creatures
  Gastronok (D:8)
  Snorg (Lair:3)
  Fannar (Lair:3)
  2 hydras
  2 two-headed ogres (D:11)
  Sonja (D:10)
  A bog body (Lair:2)
  2 cyclopes (D:11)
  An oklob plant (Lair:2)
  3 black mambas
  12 elephants
  10 cane toads
  A gargoyle (D:11)
  5 komodo dragons
  2 rime drakes
  A queen bee (Lair:3)
  3 trolls
  Prince Ribbit (D:8)
  A hornet (D:9)
  A blink frog (Lair:3)
  A slime creature (D:11)
  2 jumping spiders (Lair:2)
  3 wraiths
  A culicivora (Lair:2)
  A vampire (D:9)
  16 yaks
  3 basilisks (Lair:3)
  7 wyverns
  2 steam dragons
  7 redbacks (Lair:2)
  4 vampire mosquitoes (D:11)
  10 water moccasins
  5 black bears
  2 orc warriors
  2 ice beasts (D:7)
  3 sky beasts
  An ogre (D:5)
  9 wolves
  4 centaurs
  A phantom (D:4)
  14 bullfrogs
  4 kobold brigands
  2 necrophages
  4 scorpions
  A gnoll sergeant (D:8)
  9 wights
  2 jellies
  37 killer bees
  An electric eel (D:7)
  5 howler monkeys
  4 orc priests
  5 hounds
  Jessica (D:2)
  5 iguanas
  13 orc wizards
  8 adders
  8 gnolls
  A river rat (D:3)
  A white imp (D:6)
  An ufetubus (D:6)
  A worm (D:2)
  4 dart slugs
  28 orcs
  7 bats
  13 endoplasms
  15 giant cockroaches
  5 goblins
  10 hobgoblins
  A jackal (D:3)
  22 kobolds
  9 quokkas
  16 ball pythons
  7 frilled lizards
  6 rats
406 creatures vanquished.

Vanquished Creatures (others)
  41 fungi
  44 plants
85 creatures vanquished.

Grand Total: 491 creatures vanquished

Notes
Turn   | Place    | Note
-------+----------+-------------------------------------------
     0 | D:1      | qw the Gargoyle Fighter began the quest for the Orb.
     0 | D:1      | Reached XP level 1. HP: 14/14 MP: 1/1
     0 | D:1      | 0 ||| qw: Version: 0.2-a-10-g399e6c4
     0 | D:1      | 0 ||| qw: Game counter: 425
     0 | D:1      | 0 ||| qw: Always use a shield: true
     0 | D:1      | 0 ||| qw: God list: Okawaru
     0 | D:1      | 0 ||| qw: Allow faded altars: false
     0 | D:1      | 0 ||| qw: Do Orc after D:15 true
     0 | D:1      | 0 ||| qw: Do second Lair branch before Depths: true
     0 | D:1      | 0 ||| qw: Lair rune preference: random
     0 | D:1      | 0 ||| qw: Plans: Normal, Zot:1-4, God:TSO, Crypt, Tomb,
                  | Pan, Slime:5, Hells, Abyss, Orb
     0 | D:1      | 0 ||| PLANNING D:1-11
    46 | D:1      | Reached skill level 2 in Axes
   173 | D:1      | 173 ||| Stepping ~*~*~tactically~*~*~ (stealth).
   206 | D:1      | Reached XP level 2. HP: 19/19 MP: 2/2
   417 | D:1      | 417 ||| DROPPING +0 club.
   518 | D:1      | Reached skill level 3 in Axes
   604 | D:1      | Reached XP level 3. HP: 17/23 MP: 3/3
   946 | D:1      | 946 ||| UPGRADING to +0 plate armour.
   956 | D:1      | 956 ||| DROPPING +0 scale mail.
   957 | D:1      | 957 ||| DROPPING ring of wizardry.
   958 | D:1      | 958 ||| READING 2 scrolls labelled WAZUAHICAS.
   959 | D:1      | 959 ||| READING scroll labelled UVAAKLAUCEI.
   960 | D:1      | 960 ||| READING scroll labelled OHETZO USHROP.
   961 | D:1      | 961 ||| READING scroll labelled FUX SI PYMORO.
   962 | D:1      | 962 ||| DRINKING 2 blue potions.
   963 | D:1      | 963 ||| DROPPING scroll of amnesia.
   995 | D:2      | Found a faded altar of an unknown god.
  1018 | D:2      | 1018 ||| Stepping ~*~*~tactically~*~*~ (stealth).
  1143 | D:2      | 1143 ||| Stepping ~*~*~tactically~*~*~ (stealth).
  1582 | D:2      | Noticed Jessica
  1583 | D:2      | 1583 ||| Stepping ~*~*~tactically~*~*~ (hiding).
  1590 | D:2      | Killed Jessica
  1591 | D:2      | Reached skill level 4 in Axes
  1591 | D:2      | Reached XP level 4. HP: 17/28 MP: 4/4
  1633 | D:2      | 1633 ||| FLEEEEING.
  1634 | D:2      | 1634 ||| FLEEEEING.
  1635 | D:2      | 1635 ||| FLEEEEING.
  1636 | D:2      | 1636 ||| FLEEEEING.
  1637 | D:2      | 1637 ||| STAIRDANCE
  1706 | D:1      | 1706 ||| UPGRADING to +0 helmet.
  1711 | D:1      | 1711 ||| UPGRADING to +2 cloak.
  1716 | D:1      | 1716 ||| READING scroll labelled OMOFFI USUE.
  1719 | D:1      | 1719 ||| READING scroll labelled WYUFO CALEDDA.
  2140 | D:2      | 2140 ||| UPGRADING to amulet of reflection.
  2145 | D:2      | 2145 ||| DRINKING 2 bubbling sapphire potions.
  2146 | D:2      | 2146 ||| DRINKING 2 fuming purple potions.
  2191 | D:2      | 2191 ||| READING 2 scrolls of identify.
  2191 | D:2      | 2191 ||| IDENTIFYING lumpy white potion
  2192 | D:2      | 2192 ||| DROPPING potion of flight.
  2217 | D:3      | 2217 ||| PLANNING SEWER
  2268 | D:3      | Reached XP level 5. HP: 31/32 MP: 5/5
  2278 | D:3      | Found a glowing drain.
  2294 | Sewer    | Entered a sewer
  2315 | Sewer    | 2315 ||| Stepping ~*~*~tactically~*~*~ (water).
  2413 | Sewer    | 2413 ||| Stepping ~*~*~tactically~*~*~ (water).
  2579 | Sewer    | 2579 ||| Stepping ~*~*~tactically~*~*~ (water).
  2592 | Sewer    | Reached skill level 5 in Axes
  2612 | Sewer    | 2612 ||| Stepping ~*~*~tactically~*~*~ (water).
  2709 | Sewer    | 2709 ||| Stepping ~*~*~tactically~*~*~ (water).
  2722 | Sewer    | Reached XP level 6. HP: 31/39 MP: 6/6
  2796 | Sewer    | 2796 ||| DROPPING ring of magical power.
  2810 | D:3      | 2810 ||| PLANNING D:1-11
  2868 | D:3      | Found a runed translucent door.
  2869 | D:3      | Noticed Crazy Yiuf
  3003 | D:3      | 3003 ||| Stepping ~*~*~tactically~*~*~ (stealth).
  3193 | D:3      | Found a hide-covered altar of Uskayaw.
  3193 | D:3      | Found a faded altar of an unknown god.
  3201 | D:3      | Found a glowing golden altar of the Shining One.
  3203 | D:3      | Found a sacrificial altar of Ru.
  3205 | D:3      | Found a white marble altar of Elyvilon.
  3246 | D:3      | 3246 ||| UPGRADING to ring of positive energy.
  3247 | D:3      | 3247 ||| READING scroll labelled ELYERHOCVO.
  3300 | D:3      | 3300 ||| READING scroll labelled ZUUPTOA EPPIWA.
  3301 | D:3      | 3301 ||| READING 2 scrolls of identify.
  3301 | D:3      | 3301 ||| IDENTIFYING smoky red potion
  3469 | D:4      | Reached skill level 6 in Axes
  3469 | D:4      | Reached XP level 7. HP: 44/44 MP: 7/7
  3504 | D:4      | 3504 ||| Stepping ~*~*~tactically~*~*~ (hiding).
  3874 | D:4      | 3874 ||| READING scroll of enchant weapon.
  3874 | D:4      | 3874 ||| ENCHANTING +1 war axe.
  4282 | D:4      | Found a glowing silver altar of Zin.
  4311 | D:4      | 4311 ||| Stepping ~*~*~tactically~*~*~ (stealth).
  4313 | D:4      | 4313 ||| Stepping ~*~*~tactically~*~*~ (hiding).
  4436 | D:4      | Found an opulent altar of Gozag.
  4463 | D:4      | 4463 ||| UPGRADING to ring of willpower.
  4464 | D:4      | 4464 ||| READING 3 scrolls labelled OVVISU WAMEOST.
  4465 | D:4      | 4465 ||| READING scroll labelled POMIKE NEGH.
  4466 | D:4      | 4466 ||| READING 3 scrolls of identify.
  4466 | D:4      | 4466 ||| IDENTIFYING sedimented red potion
  4467 | D:4      | 4467 ||| READING 2 scrolls of identify.
  4467 | D:4      | 4467 ||| IDENTIFYING cyan potion
  4468 | D:4      | 4468 ||| DROPPING potion of brilliance.
  4469 | D:4      | 4469 ||| DROPPING 2 scrolls of fear.
  4489 | D:5      | Entered Level 5 of the Dungeon
  4492 | D:5      | 4492 ||| STAIRDANCE
  4506 | D:5      | 4506 ||| STAIRDANCE
  4602 | D:5      | Found a staircase to the Ecumenical Temple.
  4603 | D:5      | 4603 ||| PLANNING TEMPLE
  4612 | Temple   | Entered the Ecumenical Temple
  4647 | Temple   | 4647 ||| PLANNING OKAWARU WORSHIP
  4695 | Temple   | 4695 ||| READING scroll labelled VOICATYOCWU.
  4718 | Temple   | Became a worshipper of Warmaster Okawaru
  4719 | Temple   | 4719 ||| PLANNING D:1-11
  4967 | D:5      | Noticed a steam dragon
  4974 | D:5      | Killed a steam dragon
  4975 | D:5      | Reached skill level 7 in Axes
  5063 | D:5      | Reached XP level 8. HP: 42/49 MP: 8/8
  5458 | D:5      | 5458 ||| Stepping ~*~*~tactically~*~*~ (stealth).
  5734 | D:5      | 5734 ||| READING scroll labelled MEDWYB FOCVU.
  5735 | D:5      | 5735 ||| READING scroll labelled MYNTYCZ GEYDUEHAA.
  5736 | D:5      | 5736 ||| READING 3 scrolls of identify.
  5736 | D:5      | 5736 ||| IDENTIFYING dark potion
  5737 | D:5      | 5737 ||| READING 2 scrolls of identify.
  5737 | D:5      | 5737 ||| IDENTIFYING amethyst potion
  5738 | D:5      | 5738 ||| DROPPING potion of ambrosia.
  5801 | D:6      | 5801 ||| READING scroll of enchant armour.
  5801 | D:6      | 5801 ||| ENCHANTING +0 helmet.
  5850 | D:6      | 5850 ||| Stepping ~*~*~tactically~*~*~ (hiding).
  5919 | D:6      | 5919 ||| Stepping ~*~*~tactically~*~*~ (hiding).
  5921 | D:6      | 5921 ||| Stepping ~*~*~tactically~*~*~ (hiding).
  5922 | D:6      | 5922 ||| Stepping ~*~*~tactically~*~*~ (hiding).
  5923 | D:6      | 5923 ||| Stepping ~*~*~tactically~*~*~ (hiding).
  6088 | D:6      | 6088 ||| Stepping ~*~*~tactically~*~*~ (stealth).
  6089 | D:6      | 6089 ||| Stepping ~*~*~tactically~*~*~ (stealth).
  6139 | D:6      | 6139 ||| Stepping ~*~*~tactically~*~*~ (stealth).
  6146 | D:6      | Reached skill level 8 in Axes
  6254 | D:6      | 6254 ||| Stepping ~*~*~tactically~*~*~ (hiding).
  6320 | D:6      | Identified the +7 dagger of Autumn {venom, Fragile Will+
                  | Dex+3}
  6411 | D:6      | Reached * piety under Okawaru
  6452 | D:6      | 6452 ||| Stepping ~*~*~tactically~*~*~ (hiding).
  6461 | D:6      | Reached skill level 1 in Invocations
  6536 | D:7      | Reached skill level 6 in Fighting
  6551 | D:7      | 6551 ||| Stepping ~*~*~tactically~*~*~ (hiding).
  6552 | D:7      | 6552 ||| Stepping ~*~*~tactically~*~*~ (hiding).
  6557 | D:7      | 6557 ||| INVOKING Heroism.
  6562 | D:7      | Reached XP level 9. HP: 50/55 MP: 7/10
  6593 | D:7      | Found a stormy altar of Qazlal.
  6597 | D:7      | Found a sparkling altar of Nemelex Xobeh.
  6599 | D:7      | Found a shadowy altar of Dithmenos.
  6599 | D:7      | Found a burning altar of Makhleb.
  6604 | D:7      | Found a blossoming altar of Fedhas.
  6682 | D:7      | 6682 ||| DROPPING +0 flail.
  6690 | D:7      | Reached skill level 3 in Invocations
  6695 | D:7      | 6695 ||| INVOKING Heroism.
  6792 | D:7      | 6792 ||| DROPPING +1 morningstar.
  6794 | D:7      | 6794 ||| INVOKING Heroism.
  6865 | D:7      | 6865 ||| Stepping ~*~*~tactically~*~*~ (stealth).
  6868 | D:7      | 6868 ||| Stepping ~*~*~tactically~*~*~ (stealth).
  6869 | D:7      | 6869 ||| Stepping ~*~*~tactically~*~*~ (stealth).
  6871 | D:7      | 6871 ||| Stepping ~*~*~tactically~*~*~ (stealth).
  6876 | D:7      | 6876 ||| Stepping ~*~*~tactically~*~*~ (stealth).
  6877 | D:7      | 6877 ||| INVOKING Heroism.
  6891 | D:7      | Reached skill level 9 in Axes
  6894 | D:7      | Reached ** piety under Okawaru
  6908 | D:7      | 6908 ||| INVOKING Heroism.
  6937 | D:7      | 6937 ||| FLEEEEING.
  6938 | D:7      | 6938 ||| FLEEEEING.
  6939 | D:7      | 6939 ||| FLEEEEING.
  6940 | D:7      | 6940 ||| FLEEEEING.
  6941 | D:7      | 6941 ||| FLEEEEING.
  6943 | D:7      | 6943 ||| FLEEEEING.
  6944 | D:7      | 6944 ||| FLEEEEING.
  6945 | D:7      | 6945 ||| FLEEEEING.
  6946 | D:7      | 6946 ||| FLEEEEING.
  6947 | D:7      | 6947 ||| FLEEEEING.
  6948 | D:7      | 6948 ||| FLEEEEING.
  6949 | D:7      | 6949 ||| FLEEEEING.
  6950 | D:7      | 6950 ||| FLEEEEING.
  6951 | D:7      | 6951 ||| FLEEEEING.
  6952 | D:7      | 6952 ||| FLEEEEING.
  6953 | D:7      | 6953 ||| FLEEEEING.
  6954 | D:7      | 6954 ||| FLEEEEING.
  6955 | D:7      | 6955 ||| FLEEEEING.
  6956 | D:7      | 6956 ||| FLEEEEING.
  6957 | D:7      | 6957 ||| FLEEEEING.
  6958 | D:7      | 6958 ||| STAIRDANCE
  7038 | D:7      | 7038 ||| INVOKING Heroism.
  7082 | D:7      | Reached skill level 6 in Armour
  7270 | D:7      | 7270 ||| INVOKING Heroism.
  7562 | D:7      | 7562 ||| READING 3 scrolls of identify.
  7562 | D:7      | 7562 ||| IDENTIFYING grey potion
  7583 | D:8      | 7583 ||| Stepping ~*~*~tactically~*~*~ (hiding).
  7584 | D:8      | 7584 ||| Stepping ~*~*~tactically~*~*~ (hiding).
  7585 | D:8      | 7585 ||| Stepping ~*~*~tactically~*~*~ (hiding).
  7602 | D:8      | 7602 ||| FLEEEEING.
  7603 | D:8      | 7603 ||| FLEEEEING.
  7604 | D:8      | 7604 ||| FLEEEEING.
  7605 | D:8      | 7605 ||| FLEEEEING.
  7606 | D:8      | 7606 ||| STAIRDANCE
  7805 | D:8      | Reached XP level 10. HP: 63/63 MP: 13/13
  7910 | D:8      | Noticed Gastronok
  7911 | D:8      | 7911 ||| Stepping ~*~*~tactically~*~*~ (hiding).
  7916 | D:8      | 7916 ||| INVOKING Heroism.
  7932 | D:8      | 7932 ||| INVOKING Heroism.
  7941 | D:8      | Killed Gastronok
  7941 | D:8      | Reached *** piety under Okawaru
  7942 | D:8      | Reached skill level 10 in Axes
  8225 | D:8      | 8225 ||| INVOKING Heroism.
  8286 | D:8      | 8286 ||| INVOKING Heroism.
  8314 | D:8      | Found Syofen's Self-Improvement Boutique.
  8442 | D:8      | 8442 ||| Stepping ~*~*~tactically~*~*~ (hiding).
  8616 | D:8      | Noticed Prince Ribbit
  8636 | D:8      | Killed Prince Ribbit
  8636 | D:8      | Reached **** piety under Okawaru
  8911 | D:8      | 8911 ||| READING scroll labelled UXOGUE WERAOMM.
  9007 | D:9      | 9007 ||| INVOKING Heroism.
  9096 | D:9      | 9096 ||| INVOKING Heroism.
  9162 | D:9      | 9162 ||| Stepping ~*~*~tactically~*~*~ (stealth).
  9252 | D:9      | Reached skill level 1 in Throwing
  9261 | D:9      | 9261 ||| Stepping ~*~*~tactically~*~*~ (hiding).
  9548 | D:9      | 9548 ||| Stepping ~*~*~tactically~*~*~ (stealth).
  9568 | D:9      | 9568 ||| Stepping ~*~*~tactically~*~*~ (stealth).
  9581 | D:9      | 9581 ||| Stepping ~*~*~tactically~*~*~ (hiding).
  9582 | D:9      | 9582 ||| Stepping ~*~*~tactically~*~*~ (stealth).
  9629 | D:9      | Found the dreamshard necklace {*Dream Drain}
  9677 | D:9      | Noticed a manticore
  9677 | D:9      | Noticed a deep elf pyromancer
  9679 | D:9      | Noticed a manticore
  9689 | D:9      | Noticed a fire crab
  9811 | D:9      | 9811 ||| INVOKING Heroism.
  9826 | D:9      | Reached skill level 6 in Invocations
  9826 | D:9      | Reached XP level 11. HP: 56/68 MP: 13/15
  9926 | D:10     | Entered Level 10 of the Dungeon
  9995 | D:10     | 9995 ||| Stepping ~*~*~tactically~*~*~ (hiding).
 10003 | D:10     | Reached skill level 11 in Axes
 10164 | D:10     | Noticed Sonja
 10217 | D:10     | 10217 ||| INVOKING Heroism.
 10306 | D:10     | Found a portal to a secret trove of treasure.
 10309 | D:10     | 10309 ||| Stepping ~*~*~tactically~*~*~ (stealth).
 10311 | D:10     | 10311 ||| INVOKING Heroism.
 10314 | D:10     | 10314 ||| Stepping ~*~*~tactically~*~*~ (stealth).
 10341 | D:10     | Reached ***** piety under Okawaru
 10789 | D:10     | 10789 ||| INVOKING Finesse.
 10815 | D:10     | Killed Sonja
 10816 | D:10     | Reached skill level 9 in Fighting
 10853 | D:10     | 10853 ||| UPGRADING to +2 pair of gloves of dexterity.
 10858 | D:10     | 10858 ||| READING 5 scrolls of identify.
 10858 | D:10     | 10858 ||| IDENTIFYING lumpy silvery potion
 10859 | D:10     | 10859 ||| DROPPING potion of berserk rage.
 10872 | D:11     | 10872 ||| STAIRDANCE
 10879 | D:10     | 10879 ||| INVOKING Heroism.
 10897 | D:11     | 10897 ||| STAIRDANCE
 10915 | D:11     | 10915 ||| STAIRDANCE
 10917 | D:10     | 10917 ||| INVOKING Heroism.
 10932 | D:11     | Found a staircase to the Lair.
 10938 | D:11     | 10938 ||| Stepping ~*~*~tactically~*~*~ (hiding).
 10942 | D:11     | Received a gift from Okawaru
 10955 | D:11     | 10955 ||| Stepping ~*~*~tactically~*~*~ (stealth).
 11126 | D:11     | Identified the +5 rapier of Ladups {flame, rF+++ rN++ MP+9
                  | Str-5}
 11185 | D:11     | Noticed a two-headed ogre
 11186 | D:11     | 11186 ||| INVOKING Heroism.
 11200 | D:11     | Killed a two-headed ogre
 11398 | D:11     | Noticed a cyclops
 11399 | D:11     | 11399 ||| INVOKING Heroism.
 11405 | D:11     | Killed a cyclops
 11789 | D:11     | 11789 ||| INVOKING Heroism.
 11855 | D:11     | Reached skill level 9 in Invocations
 11856 | D:11     | 11856 ||| INVOKING Heroism.
 11936 | D:11     | 11936 ||| INVOKING Heroism.
 11951 | D:11     | Found a basalt altar of Yredelemnul.
 12064 | D:11     | 12064 ||| Stepping ~*~*~tactically~*~*~ (stealth).
 12067 | D:11     | 12067 ||| INVOKING Heroism.
 12069 | D:11     | 12069 ||| Stepping ~*~*~tactically~*~*~ (stealth).
 12071 | D:11     | 12071 ||| Stepping ~*~*~tactically~*~*~ (stealth).
 12126 | D:11     | 12126 ||| INVOKING Heroism.
 12214 | D:11     | Noticed a two-headed ogre
 12215 | D:11     | 12215 ||| INVOKING Heroism.
 12229 | D:11     | Killed a two-headed ogre
 12543 | D:11     | Noticed a cyclops
 12544 | D:11     | 12544 ||| INVOKING Heroism.
 12552 | D:11     | Killed a cyclops
 12553 | D:11     | Reached XP level 12. HP: 47/76 MP: 17/19
 12956 | D:11     | 12956 ||| PLANNING LAIR
 12956 | D:11     | 12956 ||| READING scroll labelled OGOIPA VOUDU.
 12957 | D:11     | 12957 ||| READING 4 scrolls of identify.
 12957 | D:11     | 12957 ||| IDENTIFYING bubbling ruby potion
 12958 | D:11     | 12958 ||| READING 3 scrolls of identify.
 12958 | D:11     | 12958 ||| IDENTIFYING emerald potion
 12959 | D:11     | 12959 ||| DROPPING potion of invisibility.
 13003 | Lair:1   | Entered Level 1 of the Lair of Beasts
 13300 | Lair:1   | Received a gift from Okawaru
 13300 | Lair:1   | Found the +18 shield of the Gong {rElec rN+ Will+ EV-5}
 13301 | Lair:1   | Reached skill level 12 in Axes
 13325 | Lair:1   | 13325 ||| INVOKING Heroism.
 13662 | Lair:1   | 13662 ||| INVOKING Heroism.
 13671 | Lair:1   | Reached skill level 9 in Armour
 14120 | Lair:1   | 14120 ||| UPGRADING to +18 shield of the Gong {rElec rN+
                  | Will+ EV-5}.
 14130 | Lair:1   | 14130 ||| DROPPING +0 buckler.
 14131 | Lair:1   | 14131 ||| UPGRADING to +0 pair of boots.
 14136 | Lair:1   | 14136 ||| READING 2 scrolls of identify.
 14136 | Lair:1   | 14136 ||| IDENTIFYING puce potion
 14137 | Lair:1   | 14137 ||| DROPPING potion of degeneration.
 14164 | Lair:2   | Noticed an eight-headed hydra
 14165 | Lair:2   | 14165 ||| INVOKING Heroism.
 14166 | Lair:2   | 14166 ||| INVOKING Finesse.
 14168 | Lair:2   | 14168 ||| SWAPPING to +2 morningstar.
 14169 | Lair:2   | 14169 ||| SWAPPING to +2 war axe.
 14171 | Lair:2   | 14171 ||| SWAPPING to +2 morningstar.
 14181 | Lair:2   | Killed an eight-headed hydra
 14182 | Lair:2   | Reached skill level 6 in Shields
 14182 | Lair:2   | 14182 ||| SWAPPING to +2 war axe.
 14211 | Lair:2   | 14211 ||| Stepping ~*~*~tactically~*~*~ (stealth).
 14267 | Lair:2   | 14267 ||| INVOKING Heroism.
 14280 | Lair:2   | 14280 ||| Stepping ~*~*~tactically~*~*~ (stealth).
 14312 | Lair:2   | 14312 ||| Stepping ~*~*~tactically~*~*~ (stealth).
 14332 | Lair:2   | 14332 ||| INVOKING Heroism.
 14351 | Lair:2   | 14351 ||| Stepping ~*~*~tactically~*~*~ (hiding).
 14353 | Lair:2   | 14353 ||| Stepping ~*~*~tactically~*~*~ (hiding).
 14369 | Lair:2   | 14369 ||| Stepping ~*~*~tactically~*~*~ (hiding).
 14378 | Lair:2   | Reached skill level 9 in Shields
 14386 | Lair:2   | HP: 14/76 [bog body (13)]
 14387 | Lair:2   | 14387 ||| READING 5 scrolls of teleportation.
 14388 | Lair:2   | 14388 ||| DRINKING 2 potions of heal wounds.
 14389 | Lair:2   | 14389 ||| INVOKING Heroism.
 14398 | Lair:2   | 14398 ||| FLEEEEING.
 14399 | Lair:2   | 14399 ||| FLEEEEING.
 14400 | Lair:2   | 14400 ||| FLEEEEING.
 14401 | Lair:2   | 14401 ||| FLEEEEING.
 14402 | Lair:2   | 14402 ||| FLEEEEING.
 14403 | Lair:2   | 14403 ||| FLEEEEING.
 14453 | Lair:2   | 14453 ||| FLEEEEING.
 14454 | Lair:2   | 14454 ||| FLEEEEING.
 14457 | Lair:2   | 14457 ||| STAIRDANCE
 14615 | Lair:2   | 14615 ||| Stepping ~*~*~tactically~*~*~ (stealth).
 14616 | Lair:2   | 14616 ||| Stepping ~*~*~tactically~*~*~ (stealth).
 14617 | Lair:2   | 14617 ||| Stepping ~*~*~tactically~*~*~ (stealth).
 14620 | Lair:2   | 14620 ||| Stepping ~*~*~tactically~*~*~ (stealth).
 14739 | Lair:2   | Reached XP level 13. HP: 60/80 MP: 20/20
 14830 | Lair:2   | Found a hole to the Spider Nest.
 14982 | Lair:2   | 14982 ||| INVOKING Heroism.
 14983 | Lair:2   | 14983 ||| INVOKING Finesse.
 14987 | Lair:2   | Found a white marble altar of Elyvilon.
 15002 | Lair:2   | 15002 ||| STAIRDANCE
 15030 | Lair:1   | 15030 ||| READING scroll labelled IDAUM EHUUF.
 15031 | Lair:1   | 15031 ||| READING 4 scrolls of identify.
 15031 | Lair:1   | 15031 ||| IDENTIFYING silvery potion
 15034 | Lair:2   | 15034 ||| INVOKING Heroism.
 15036 | Lair:2   | 15036 ||| INVOKING Finesse.
 15037 | Lair:2   | 15037 ||| INVOKING Finesse.
 15041 | Lair:2   | 15041 ||| STAIRDANCE
 15224 | Lair:2   | 15224 ||| INVOKING Heroism.
 15225 | Lair:2   | 15225 ||| INVOKING Finesse.
 15294 | Lair:2   | Found a staircase to the Swamp.
 15674 | Lair:3   | 15674 ||| INVOKING Heroism.
 15682 | Lair:3   | 15682 ||| STAIRDANCE
 15692 | Lair:3   | 15692 ||| STAIRDANCE
 15699 | Lair:3   | 15699 ||| STAIRDANCE
 15727 | Lair:3   | 15727 ||| INVOKING Heroism.
 15728 | Lair:3   | 15728 ||| SWAPPING to +2 morningstar.
 15729 | Lair:3   | 15729 ||| INVOKING Finesse.
 15729 | Lair:3   | Noticed Snorg
 15730 | Lair:3   | 15730 ||| INVOKING Finesse.
 15731 | Lair:3   | 15731 ||| Stepping ~*~*~tactically~*~*~ (outnumbered).
 15732 | Lair:3   | 15732 ||| Stepping ~*~*~tactically~*~*~ (outnumbered).
 15739 | Lair:3   | 15739 ||| Stepping ~*~*~tactically~*~*~ (outnumbered).
 15740 | Lair:3   | 15740 ||| Stepping ~*~*~tactically~*~*~ (outnumbered).
 15741 | Lair:3   | 15741 ||| Stepping ~*~*~tactically~*~*~ (outnumbered).
 15742 | Lair:3   | 15742 ||| Stepping ~*~*~tactically~*~*~ (outnumbered).
 15743 | Lair:3   | 15743 ||| Stepping ~*~*~tactically~*~*~ (outnumbered).
 15745 | Lair:3   | 15745 ||| Stepping ~*~*~tactically~*~*~ (outnumbered).
 15746 | Lair:3   | 15746 ||| Stepping ~*~*~tactically~*~*~ (outnumbered).
 15747 | Lair:3   | 15747 ||| Stepping ~*~*~tactically~*~*~ (outnumbered).
 15748 | Lair:3   | 15748 ||| Stepping ~*~*~tactically~*~*~ (outnumbered).
 15749 | Lair:3   | 15749 ||| Stepping ~*~*~tactically~*~*~ (outnumbered).
 15750 | Lair:3   | 15750 ||| Stepping ~*~*~tactically~*~*~ (outnumbered).
 15751 | Lair:3   | 15751 ||| Stepping ~*~*~tactically~*~*~ (outnumbered).
 15752 | Lair:3   | 15752 ||| Stepping ~*~*~tactically~*~*~ (outnumbered).
 15753 | Lair:3   | 15753 ||| Stepping ~*~*~tactically~*~*~ (outnumbered).
 15754 | Lair:3   | 15754 ||| Stepping ~*~*~tactically~*~*~ (outnumbered).
 15755 | Lair:3   | 15755 ||| Stepping ~*~*~tactically~*~*~ (outnumbered).
 15756 | Lair:3   | 15756 ||| SWAPPING to +2 war axe.
 15757 | Lair:3   | 15757 ||| SWAPPING to +2 morningstar.
 15772 | Lair:3   | Noticed Fannar
 15781 | Lair:3   | 15781 ||| SWAPPING to +2 war axe.
 15814 | Lair:3   | 15814 ||| INVOKING Heroism.
 15841 | Lair:3   | 15841 ||| INVOKING Finesse.
 15878 | Lair:3   | Killed Snorg
 15903 | Lair:3   | 15903 ||| INVOKING Heroism.
 15927 | Lair:3   | Killed Fannar
 15934 | Lair:3   | Reached skill level 13 in Axes
 15977 | Lair:3   | 15977 ||| INVOKING Heroism.
 15994 | Lair:3   | Received a gift from Okawaru
 16017 | Lair:3   | 16017 ||| INVOKING Heroism.
 16021 | Lair:3   | HP: 14/82 [steam dragon/ball of steam (17)]
 16022 | Lair:3   | 16022 ||| READING 4 scrolls of teleportation.
 16022 | Lair:3   | Killed from afar by a steam dragon

Levels and vault maps discovered:
D:1:      dpeg_arrival_tiny_f, layout_loops_ring, minmay_unequal
D:2:      layout_basic, hellmonk_ecumenical_altar_heavens_door, uniq_jessica
D:3:      layout_rooms, chequers_temple_overflow_minitemple,
          portal_sewer_entry_a, serial_bayou_pond_e, kennysheep_generic_room_16,
          uniq_crazy_yiuf_cottage
D:4:      layout_basic, pdpol_temple_overflow_zin_treasury_gozag_greed
D:5:      layout_loops_corners, minmay_temple_entry_arrows
D:6:      layout_cave_pools
D:7:      layout_rooms, grunt_temple_overflow_open, serial_bayou,
          serial_bayou_shore_a, serial_bayou_shore_b, serial_bayou_pond_d,
          serial_bayou_pond_d
D:8:      layout_basic, nicolae_shop_self_help, uniq_prince_ribbit1,
          uniq_gastronok
D:9:      layout_stronghold, onia_ninara_dug_in_and_dangerous
D:10:     layout_basic, enter_trove_0, uniq_sonja
D:11:     layout_layer_cave, due_lair_maze_entry_diamond, st_stairs_2,
          yredelemnul_altar_generic
Temple:   jpeg_temple_clearing
Lair:1:   layout_gridlike, nicolae_lair_lil_pond
Lair:2:   layout_loops_ring, skrybe_swamp_entry_bodies,
          nicolae_spider_entry_tight_spaces, st_stairs_11, lemuel_oklob_altar,
          infiniplex_staircase_pool_2
Lair:3:   regret_index_wax_grids, layout_regular_city, nicolae_lair_lindhole,
          uniq_snorg, uniq_fannar

Skill      XL: |  1  2  3  4  5  6  7  8  9 10 11 12 13 |
---------------+----------------------------------------+-----
Axes           | 2 3 4 5 6 7 8 9 10 11 12 13 | 13.4
Fighting       | 4 5 6 7 8 9 10 | 10.0
Armour         | 4 5 6 7 8 9 10 | 10.0
Dodging        | 2 |  2.0
Invocations    | 2 4 6 9 10 | 10.0
Shields        | 4 5 10 11 | 11.0
Throwing       | 1 2 |  2.0

Action                   |  1- 3 |  4- 6 |  7- 9 | 10-12 | 13-15 || total
-------------------------+-------+-------+-------+-------+-------++-------
Melee: War axe           |    91 |   220 |   289 |   708 |   285 ||  1593
       Morningstar       |       |       |       |     9 |    30 ||    39
Throw: Boomerang         |       |       |       |   112 |     4 ||   116
Invok: Heroism           |       |       |     7 |    26 |     9 ||    42
       Finesse           |       |       |       |     2 |     5 ||     7
  Use: Scroll            |     4 |     6 |    12 |     7 |     3 ||    32
       Potion            |     1 |     2 |       |     1 |       ||     4
Armor: Scale mail        |    45 |       |       |       |       ||    45
       Plate armour      |    15 |   145 |   124 |   371 |   135 ||   790
Dodge: Dodged            |    29 |    70 |    73 |   143 |    18 ||   333
Block: Buckler           |    21 |    96 |   100 |   282 |       ||   499
       Reflection        |       |       |     1 |    11 |     4 ||    16
       Kite shield       |       |       |       |   237 |   494 ||   731

Table legend:
 A = Non-vault XP
 B = Vault XP
 C = Vault XP percentage of total XP
 D = Non-vault monster count
 E = Vault monster count
 F = Vault count percentage of total count
                 A         B        C        D         E       F
            +---------+---------+-------+---------+---------+-------
      Total |   32503 |   14967 |  31.5 |     281 |     125 |  30.8
            +---------+---------+-------+---------+---------+-------
        D:1 |      40 |       9 |  18.4 |      21 |       5 |  19.2
        D:2 |      42 |      37 |  46.8 |      16 |       1 |   5.9
        D:3 |      19 |      52 |  73.2 |       6 |      10 |  62.5
        D:4 |     503 |       0 |   0.0 |      22 |       0 |   0.0
        D:5 |     559 |       0 |   0.0 |       9 |       0 |   0.0
        D:6 |     760 |       0 |   0.0 |      27 |       0 |   0.0
        D:7 |    1866 |       0 |   0.0 |      21 |       0 |   0.0
        D:8 |    1414 |    1776 |  55.7 |      19 |       2 |   9.5
        D:9 |    2059 |       0 |   0.0 |      29 |       0 |   0.0
       D:10 |    2074 |    1213 |  36.9 |      22 |       5 |  18.5
       D:11 |    4970 |    1032 |  17.2 |      30 |       7 |  18.9
     Lair:1 |    3990 |       0 |   0.0 |      16 |       0 |   0.0
     Lair:2 |    8336 |    3323 |  28.5 |      23 |      13 |  36.1
     Lair:3 |    5871 |    7356 |  55.6 |      20 |      45 |  69.2
      Sewer |       0 |     169 | 100.0 |       0 |      37 | 100.0
            +---------+---------+-------+---------+---------+-------
